 Dungeon Crawl Stone Soup version 0.30.0-30-g96aa6591b8 (webtiles) character file.

Game seed: 4565291467411212816

147 Chiseanne the Sneak (level 5, -10/37 HPs)
             Began as an Octopode Delver on June 29, 2023.
             Killed from afar by a steam dragon (15 damage)
             ... with a ball of steam
             ... on level 6 of the Dungeon.
             The game lasted 00:03:25 (506 turns).

Chiseanne the Sneak (Octopode Delver)                Turns: 506, Time: 00:03:26

Health: -10/37     AC:  1    Str: 11    XL:     5   Next: 29%
Magic:  5/5        EV: 14    Int: 12    God:
Gold:   109        SH:  0    Dex: 16    Spells: 4/4 levels left

rFire   . . .        a - +0 short sword
rCold   . . .        (no shield)
rNeg    . . .        (helmet restricted)
rPois   .            (no amulet)
rElec   .            (no ring)
rCorr   .            (no ring)
SInv    .            (no ring)
Will    .....        (no ring)
Stlth   +++++        (no ring)
HPRegen 0.26/turn    (no ring)
MPRegen 0.09/turn    (no ring)
                     (no ring)

%: no passive effects
@: hasted, very quick
A: almost no armour, amphibious, 8 rings, camouflage 1, gelatinous body 1,
(nimble swimmer 1), tentacles
a: no special abilities


You were on level 6 of the Dungeon.
You visited 1 branch of the dungeon, and saw 5 of its levels.

You collected 109 gold pieces.

Inventory:

Hand Weapons
 a - a +0 short sword (weapon)
Missiles
 i - 6 stones (quivered)
Wands
 f - a wand of digging (3)
Scrolls
 b - a scroll of fog
 c - 2 scrolls of magic mapping
 d - 2 scrolls of fear
 h - a scroll of immolation {unknown}
Potions
 e - 2 potions of haste
 g - a potion of flight
 m - a potion of brilliance


   Skills:
 + Level 3.8 Fighting
 + Level 3.1 Short Blades
 + Level 3.1 Dodging
 + Level 7.5 Stealth


You had 4 spell levels left.
You didn't know any spells.
Your spell library contained the following spells:

 Spells                   Type           Power      Damage    Failure   Level
 Frozen Ramparts          Ice            0%         1d1       69%         3
 Ice Form                 Ice/Tmut       0%         N/A       97%         4
 Summon Ice Beast         Ice/Summ       0%         N/A       97%         4


Dungeon Overview and Level Annotations

Branches:
Dungeon (6/15)
 Temple: D:4-7

Altars:

Portals:
Sewer: D:5


Innate Abilities, Weirdness & Mutations

You cannot wear most types of armour.
You are amphibious.
You can wear up to eight rings at the same time.
Your skin changes colour to match your surroundings (Stealth+).
Your rubbery body absorbs attacks. (AC +1, EV +1)
((You are camouflaged when in or above water. (Stealth+)))
You have tentacles for arms and can constrict up to eight enemies at once.


Message History

The sky beast hits you. The sky beast shocks you.
You hit the sky beast.
You kill the sky beast!
Your Short Blades skill increases to level 3!
Your Dodging skill increases to level 3!
You have reached level 4!
You have reached level 5!
You feel agile.
h - a scroll labelled CUOPTA PUMM You now have 109 gold pieces (gained 11).
Found a chain mail.
The steam dragon hisses angrily.
The steam dragon bites you. The steam dragon barely misses you.
You hit the steam dragon but do no damage.
The steam dragon breathes steam at you. The ball of steam hits you!
The steam dragon breathes steam at you. The ball of steam hits you!
The steam dragon breathes steam at you. The ball of steam misses you.
The steam dragon attacks as you move away!
The steam dragon bites you!
* * * LOW HITPOINT WARNING * * *
The steam dragon claws you.
* * * LOW HITPOINT WARNING * * *
It was a potion of curing.
You feel better. The steam dragon closely misses you.
The steam dragon misses you.
You feel yourself speed up. The steam dragon bites you!
* * * LOW HITPOINT WARNING * * *
The steam dragon barely misses you.
You hit the steam dragon.
The steam dragon is lightly wounded.
You hit the steam dragon.
The steam dragon is lightly wounded.
The steam dragon bites you.
* * * LOW HITPOINT WARNING * * *
The steam dragon misses you. The steam dragon breathes steam at you.
The ball of steam hits you!
You die...

#..................##.#
#....<########.###.##.#
##.#..# #.# #.##.# #.#..# #.#
#.##.# #.#..# #.###.##.#
##.#..########.#.#.##.###...
#.............§D......[......
##.###.#######§#§#§##........
#.# #.# #@#§#.########## #.#
#.# ###.#§#.# #.#
#.##......#...#
#.###............<.
#.##.###.######.###
##.#.#.##.# #.# ##...###.#.#
#.# #.....# #..### #.#
##...## ##...# ##.##


You could see a steam dragon (catching breath).

Vanquished Creatures
  A sky beast (D:6)
  A hound (D:4)
  An adder (D:4)
  An ufetubus (D:4)
  2 endoplasms
  4 giant cockroaches (D:5)
  A hobgoblin (D:2)
  A quokka (D:4)
  A ball python (D:4)
  A goblin (D:4)
  2 kobolds
16 creatures vanquished.

Notes
Turn   | Place    | Note
-------+----------+-------------------------------------------
     0 | D:5      | Chiseanne the Octopode Delver began the quest for the Orb.
     0 | D:5      | Reached XP level 1. HP: 16/16 MP: 1/1
    60 | D:4      | Reached XP level 2. HP: 21/21 MP: 2/2
   276 | D:4      | Reached skill level 7 in Stealth
   276 | D:4      | Reached XP level 3. HP: 15/26 MP: 3/3
   322 | D:5      | Found a glowing drain.
   365 | D:6      | Noticed a sky beast
   373 | D:6      | Noticed a steam dragon
   438 | D:6      | Killed a sky beast
   439 | D:6      | Reached XP level 4. HP: 24/33 MP: 4/4
   439 | D:6      | Reached XP level 5. HP: 27/37 MP: 5/5
   506 | D:6      | Killed from afar by a steam dragon

Illustrated notes

Levels and vault maps discovered:
D:2:      layout_rooms, serial_forest, infiniplex_forest_zigzag_1,
          infiniplex_forest_lined_ring, infiniplex_forest_clump_double,
          infiniplex_forest_straight_3, infiniplex_forest_lined_room_2,
          minivault_5
D:3:      layout_loops_cross, minitemple
D:4:      layout_rooms, nicolae_zen_rock_garden, dreamdust_gnoll_farm
D:5:      layout_loops_ring, general_overflow_altar,
          minmay_temple_entry_steel_oval, portal_sewer_entry_f, uniq_edmund
D:6:      layout_loops_ring, nicolae_wu_jian_immortal_techniques,
          hangedman_abyss_or_decor_passed

Skill      XL: |  1  2  3 |
---------------+----------+-----
Stealth        | 7 |  7.5
Short Blades   | 3 |  3.1
Dodging        | 3 |  3.1
Fighting       | |  3.8

Action                     |  1- 3 |  4- 6 || total
---------------------------+-------+-------++-------
  Melee: Short sword       |    34 |     3 ||    37
         Constrict         |     6 |       ||     6
         Tentacles         |     6 |       ||     6
    Use: Scroll            |     4 |       ||     4
         Potion            |       |     2 ||     2
   Stab: Sleeping          |     7 |       ||     7
 Armour: Skin              |     2 |       ||     2
  Dodge: Dodged            |    19 |     6 ||    25
